 Dungeon Crawl Stone Soup version 0.29-a0-275-g389c0b56f3 (webtiles) character file.

Game seed: 16449520154159280001

59 Crownlay the Digger (level 4, 0/24 HPs)
             Began as a Gargoyle Earth Elementalist on Mar 10, 2022.
             Slain by a kobold
             ... wielding a +0 whip
              (1 damage)
             ... on level 3 of the Dungeon.
             The game lasted 00:02:33 (2314 turns).

Crownlay the Digger (Gargoyle Earth Elementalist)   Turns: 2314, Time: 00:02:34

Health: 0/24       AC:  6    Str: 11    XL:     4   Next: 3%
Magic:  9/9        EV: 11    Int: 18    God:
Gold:   76         SH:  0    Dex: 10    Spells: 3/9 levels left

rFire   . . .      SeeInvis .   a - +0 trident
rCold   . . .      Faith    .   (no shield)
rNeg    + . .      Spirit   .   b - +0 robe
rPois   ∞          Reflect  .   k - +0 helmet
rElec   +          Harm     .   (no cloak)
rCorr   .          Rampage  .   (no gloves)
Will    .....                   (no boots)
Stlth   ++........              (no amulet)
HPRegen 0.08/turn               (no ring)
MPRegen 0.11/turn               (no ring)

@: no status effects
A: sickness immunity, AC +3, negative energy resistance 1, electricity
resistance, torment resistance 1, petrification resistance
a: no special abilities


You were on level 3 of the Dungeon.
You visited 1 branch of the dungeon, and saw 3 of its levels.

You collected 76 gold pieces.

Inventory:

Hand Weapons
 a - a +0 trident (weapon)
Armour
 b - a +0 robe (worn)
 k - a +0 helmet (worn)
Jewellery
 m - an amulet of faith
Scrolls
 l - a scroll of enchant weapon {unknown}
Potions
 c - a potion of magic
 d - 2 potions of lignification
 e - a potion of invisibility {unknown}
 i - a potion of mutation {unknown}
 j - a potion of haste {unknown}
 n - 2 potions of curing


   Skills:
 - Level 1.5 Dodging
 - Level 2.1 Stealth
 * Level 3.4 Spellcasting
 - Level 0.7 Transmutations
 + Level 4.4 Earth Magic


You had 3 spell levels left.
You knew the following spells:

 Your Spells              Type           Power      Damage    Failure   Level
a - Sandblast             Erth           38%        2d10      2%          1
b - Passwall              Tmut/Erth      10%        N/A       9%          2
c - Stone Arrow           Conj/Erth      22%        3d8       19%         3

Your spell library contained the following spells:

 Spells                   Type           Power      Damage    Failure   Level
 Petrify                  Tmut/Erth      12%        N/A       47%         4


Dungeon Overview and Level Annotations

Branches:
Dungeon (3/15)

Altars:

Shops:
D:3 *


Innate Abilities, Weirdness & Mutations

You are immune to sickness and miasma.
Your stone body is resilient. (AC +3)
You are immune to poison.
You resist negative energy. (rN+)
You are resistant to electric shocks. (rElec)
You are resistant to unholy torment.
You are immune to petrification.


Message History

You are too injured to fight recklessly!
You are too injured to fight recklessly!
You closely miss the kobold.
The kobold is severely wounded.
The kobold closely misses you.
Casting: Sandblast (safe; 2% risk of failure)
Confirm with . or Enter, or press ? or * to list all spells.
You don't have any stones to cast with.
Unknown command.
Casting: Sandblast (safe; 2% risk of failure)
Confirm with . or Enter, or press ? or * to list all spells.
Okay, then.
Reach: a) +0 trident
Press: ? - help, Dir - move target, f - orc priest
Aim: an orc priest, wielding a +0 club (about 48% to evade your +0 trident)
The kobold is in the way.
You barely miss the kobold.
The kobold is severely wounded.
The kobold closely misses you. The kobold barely misses you.
A rat comes into view.
Reach: a) +0 trident
Press: ? - help, Dir - move target, f/p - orc priest
Aim: an orc priest, wielding a +0 club (about 48% to evade your +0 trident)
You reach to attack!
You puncture the orc priest!
The orc priest is heavily wounded.
The kobold closely misses you.
Reach: a) +0 trident
Press: ? - help, Dir - move target, f/p - orc priest
Aim: an orc priest, wielding a +0 club (heavily wounded, about 48% to evade your +0 trident)
You reach to attack!
You closely miss the orc priest.
The orc priest is heavily wounded.
The kobold hits you with a +0 whip.
* * * LOW HITPOINT WARNING * * *
The orc priest looks braver for a moment.
Reach: a) +0 trident
Press: ? - help, Dir - move target, f/p - orc priest
Aim: an orc priest, wielding a +0 club (heavily wounded, about 48% to evade your +0 trident)
The kobold is in the way.
You closely miss the kobold.
The kobold is severely wounded.
The kobold hits you with a +0 whip.
You die...

..(..
.... ....
##..# ##
....
...r##..#
#.∩....#
#@# #K#
##o##
#.o.#
#<..#
#...#
#...#
......
........


You could see an orc priest, an orc, a kobold and a rat.

Vanquished Creatures
  2 adders (D:2)
  A dart slug (D:2)
  An orc (D:3)
  2 ball pythons (D:1)
  4 bats (D:1)
  4 endoplasms
  A giant cockroach (D:2)
  4 hobgoblins
  5 jackals (D:1)
  A quokka (D:1)
  3 frilled lizards
  3 goblins
  3 kobolds
  2 rats
36 creatures vanquished.

Notes
Turn   | Place    | Note
-------+----------+-------------------------------------------
     0 | D:1      | Crownlay the Gargoyle Earth Elementalist began the quest
                  | for the Orb.
     0 | D:1      | Reached XP level 1. HP: 10/10 MP: 3/3
   329 | D:1      | Reached XP level 2. HP: 15/15 MP: 3/5
   548 | D:1      | Reached skill level 4 in Earth Magic
   986 | D:1      | Reached XP level 3. HP: 19/19 MP: 5/7
  1749 | D:2      | Found a faded altar of an unknown god.
  1866 | D:2      | Learned a level 2 spell: Passwall
  1870 | D:2      | Learned a level 3 spell: Stone Arrow
  2296 | D:3      | Found Uducu's Assorted Antiques.
  2304 | D:3      | Reached XP level 4. HP: 23/24 MP: 9/9
  2313 | D:3      | HP: 1/24 [kobold/+0 whip (2)]
  2314 | D:3      | Slain by a kobold

Illustrated notes

Levels and vault maps discovered:
D:1:      minmay_arrival_solitary_statue, layout_loops_ring,
          grunt_decor_mini_mirrors, nicolae_figureground_sparkle
D:2:      layout_loops_cross, ebering_ecumenical_altar_webs,
          chequers_serial_rivers_marsh, minmay_misc_feat_nine_boxes,
          hangedman_decor_push
D:3:      layout_loops_cross, serial_shops, shop, minmay_cut_off

Skill      XL: |  1  2  3 |
---------------+----------+-----
Earth Magic    | 4 |  4.4
Spellcasting   | 3 |  3.4
Dodging        | |  1.5
Stealth        | |  2.1
Transmutations | |  0.7

Action                   |  1- 3 |  4- 6 || total
-------------------------+-------+-------++-------
Melee: Unarmed           |    10 |       ||    10
       Dagger            |    55 |       ||    55
       Trident           |     9 |    11 ||    20
 Cast: Sandblast         |    31 |       ||    31
  Use: Scroll            |     3 |       ||     3
 Stab: Sleeping          |     4 |       ||     4
Armor: Robe              |    37 |     2 ||    39
Dodge: Dodged            |    59 |     8 ||    67

Table legend: (Time is in decaauts)
 A = Elapsed time spent in this place.
 B = Non-inter-level travel time spent in this place.
 C = Inter-level travel time spent in this place.
 D = Time resting spent in this place.
 E = Time spent auto-exploring this place.
 F = Levels seen in this place.
 G = Mean time per level.
                   A        B        C        D        E       F      G
               +--------+--------+--------+--------+--------+-----+--------+
         Total |   2321 |   2283 |     38 |      0 |   1973 |   3 |  773.7 |
       Dungeon |   2321 |   2283 |     38 |      0 |   1973 |   3 |  773.7 |
               +--------+--------+--------+--------+--------+-----+--------+

Top non-repeatable levels by time:
     D:1: 1265 daAuts
     D:2: 1029 daAuts
     D:3: 26 daAuts
